 Dungeon Crawl Stone Soup version 0.29.1-2-gbd0b4ee654 (webtiles) character file.

Game seed: 12751477884580205759

1907 qeuew the Covert (level 8, -3/36 HPs)
             Began as a Spriggan Enchanter on Nov 10, 2022.
             Was an Initiate of Nemelex Xobeh.
             Slain by Joseph
             ... wielding a +0 quarterstaff
              (11 damage)
             ... on level 7 of the Dungeon.
             The game lasted 00:13:20 (8991 turns).

qeuew the Covert (Spriggan Enchanter)               Turns: 8991, Time: 00:13:21

Health: -3/36      AC:  1    Str:  2    XL:     8   Next: 94%
Magic:  11/18      EV: 24    Int: 15    God:    Nemelex Xobeh [......]
Gold:   306        SH:  5    Dex: 25    Spells: 12/20 levels left

rFire   + . .      SeeInvis +   f - +2 dagger (speed)
rCold   . . .      Faith    .   (no shield)
rNeg    . . .      Spirit   .   b - +0 robe
rPois   .          Reflect  +   (helmet restricted)
rElec   .          Harm     .   (no cloak)
rCorr   .          Rampage  .   (gloves unavailable)
Will    +....                   (boots unavailable)
Stlth   +++++.....              j - amulet of reflection
HPRegen 0.12/turn               l - ring of protection from fire
MPRegen 0.16/turn               (no ring)

@: very quick
A: very small, no large weapons, unfitting armour, see invisible, speed 3, horns
1, agile 2, deformed body
a: Renounce Religion, Draw Escape, Draw Destruction, Draw Summoning


You were on level 7 of the Dungeon.
You worshipped Nemelex Xobeh.
Nemelex Xobeh was noncommittal.
You visited 2 branches of the dungeon, and saw 8 of its levels.

You collected 306 gold pieces.

Inventory:

Hand Weapons
 a - a +2 dagger
 f - a +2 dagger of speed (weapon)
 h - a +0 dagger of freezing
Missiles
 e - 3 throwing nets
Armour
 b - a +0 robe (worn)
Jewellery
 j - an amulet of reflection (around neck)
 l - a ring of protection from fire (left hand)
 r - a ring of wizardry
Scrolls
 d - 4 scrolls of teleportation
 k - 4 scrolls of identify
 p - a scroll of magic mapping
Potions
 c - a potion of invisibility
 i - 3 potions of curing
 m - a potion of berserk rage {unknown}
 n - a potion of heal wounds
 o - a potion of might
 q - a potion of flight {unknown}


   Skills:
 + Level 5.6 Short Blades
 + Level 7.1 Dodging
 + Level 9.1 Stealth
 + Level 6.6 Spellcasting
 + Level 7.2 Hexes
 + Level 1.6 Invocations


You had 12 spell levels left.
You knew the following spells:

 Your Spells              Type           Power      Damage    Failure   Level
a - Ensorcelled Hibernat  Hex/Ice        30%        N/A       4%          2
b - Confusing Touch       Hex            26%        N/A       2%          3
c - Tukima's Dance        Hex            26%        N/A       2%          3

Your spell library contained the following spells:

 Spells                   Type           Power      Damage    Failure   Level
 Dazzling Flash           Conj/Hex       30%        N/A       10%         3


Dungeon Overview and Level Annotations

Branches:
Dungeon (7/15)             Temple (1/1) D:5

Altars:
Ashenzari
Cheibriados
Dithmenos
Elyvilon
Fedhas
Hepliaklqana
Kikubaaqudgha
Makhleb
Nemelex Xobeh
Okawaru
Qazlal
Ru
Sif Muna
Trog
Uskayaw
Vehumet
Wu Jian
Xom
Yredelemnul
The Shining One

Annotations:
D:7 Joseph


Innate Abilities, Weirdness & Mutations

You are very small and have problems with some larger weapons.
You are too small for most types of armour.
You have supernaturally acute eyesight. (SInv)
You cover ground extremely quickly. (Speed+++)
You have a pair of small horns on your head.
You are very agile. (Dex +8, Str/Int -2)
Armour fits poorly on your strangely shaped body.


Message History

You open the door.
Joseph, a Mercenary comes into view.
He is wielding a +0 quarterstaff.
Found 16 gold pieces.
Found a war axe.
Joseph shouts!
Joseph unwields a +0 quarterstaff.
Joseph wields a +0 sling.
Joseph shoots a sling bullet.
The sling bullet hits you!!
Ouch! That really hurt!
There is an open door, spattered with blood here.
You are too injured to fight recklessly!
You close the door.
You start resting.
Joseph, a Mercenary opens the door.
He is wielding a +0 sling.
Joseph easily resists.
Joseph shoots a sling bullet.
The sling bullet hits you!
* * * LOW HITPOINT WARNING * * *
You are too injured to fight recklessly!
You close the door.
Joseph opens the door.
You close the door.
Joseph opens the door.
You close the door.
Joseph opens the door.
As you close the door, it creaks loudly!
Joseph opens the door.
You close the door.
Joseph opens the door.
You close the door.
Joseph breaks down the door.
Aiming: Ensorcelled Hibernation (safe; 4% risk of failure)
Press: ? - help, Q - select action, (/) - cycle Shift-Dir - straight line, f/p - Joseph
Aim: Joseph, wielding a +0 sling and wearing a +0 leather armour (chance to affect: 31%) Joseph easily resists.
Joseph shoots a sling bullet.
The sling bullet completely misses you.
Aiming: Ensorcelled Hibernation (safe; 4% risk of failure)
Press: ? - help, Q - select action, (/) - cycle Shift-Dir - straight line, f/p - Joseph
Aim: Joseph, wielding a +0 sling and wearing a +0 leather armour (chance to affect: 31%) Joseph easily resists.
Aiming: Ensorcelled Hibernation (safe; 4% risk of failure)
Press: ? - help, Q - select action, (/) - cycle Shift-Dir - straight line, f/p - Joseph
Aim: Joseph, wielding a +0 sling and wearing a +0 leather armour (chance to affect: 31%) Joseph easily resists.
Joseph unwields a +0 sling.
Joseph wields a +0 quarterstaff.
Joseph hits you with a +0 quarterstaff!
You die...
Your body disappears without a glow.

.###.# .....######..# #
.######.......### )## .#
#.##......# .... ##
#.##..#.#.# #...# #
#.##..#.#.# #..... #
#.##....#.# #......
#######.##....#.##.......
................@@.......
##########....#.##....$..
## #......# #...... .###
##.##### #..... ...# #.#
#...# .#.# #.# #+## ...#
... ).## #.# #.# #.#


You could see Joseph.

Vanquished Creatures
  A steam dragon (D:7)
  A water moccasin (D:7)
  An orc warrior (D:7)
  3 black bears
  2 ogres
  A bullfrog (D:6)
  A necrophage (D:6)
  3 scorpions
  5 hounds
  A gnoll bouda (D:5)
  7 orc priests
  Jessica (D:2)
  3 iguanas (D:5)
  3 orc wizards
  Terence (D:2)
  Robin (D:3)
  9 gnolls
  3 adders
  2 white imps (D:6)
  A worm (D:3)
  A dart slug (D:1)
  25 orcs
  5 ball pythons
  7 endoplasms
  7 giant cockroaches
  2 hobgoblins (D:3)
  2 jackals (D:2)
  3 quokkas
  A bat (D:2)
  6 frilled lizards
  19 goblins
  5 kobolds
  6 rats
139 creatures vanquished.

Notes
Turn   | Place    | Note
-------+----------+-------------------------------------------
     0 | D:1      | qeuew the Spriggan Enchanter began the quest for the Orb.
     0 | D:1      | Reached XP level 1. HP: 9/9 MP: 5/5
   153 | D:1      | Reached XP level 2. HP: 13/13 MP: 6/6
   156 | D:1      | Learned a level 2 spell: Ensorcelled Hibernation
  1483 | D:2      | Noticed Terence
  1488 | D:2      | Killed Terence
  1489 | D:2      | Reached skill level 5 in Stealth
  1489 | D:2      | Reached XP level 3. HP: 10/16 MP: 5/8
  1896 | D:2      | Learned a level 3 spell: Confusing Touch
  1900 | D:2      | Learned a level 3 spell: Tukima's Dance
  1901 | D:2      | Noticed Jessica
  1908 | D:2      | Killed Jessica
  1909 | D:2      | Reached XP level 4. HP: 20/21 MP: 2/10
  2821 | D:2      | Gained mutation: You are weak. (Str -2) [potion of
                  | mutation]
  2891 | D:3      | Lost mutation: You are weak. (Str -2) [potion of mutation]
  2891 | D:3      | Gained mutation: You have a pair of small horns on your
                  | head. [potion of mutation]
  2891 | D:3      | Gained mutation: You are agile. (Dex +4, Str/Int -1)
                  | [potion of mutation]
  2891 | D:3      | Gained mutation: Armour fits poorly on your strangely
                  | shaped body. [potion of mutation]
  2891 | D:3      | Gained mutation: You are very agile. (Dex +8, Str/Int -2)
                  | [potion of mutation]
  3055 | D:3      | Noticed Robin
  3077 | D:3      | Killed Robin
  3516 | D:3      | Reached XP level 5. HP: 20/24 MP: 11/11
  4723 | D:4      | Reached skill level 6 in Stealth
  4740 | D:4      | Reached XP level 6. HP: 28/28 MP: 8/13
  4951 | D:4      | Found a shimmering altar of Xom.
  4952 | D:4      | Found a shimmering altar of Xom.
  5013 | D:4      | Reached skill level 5 in Hexes
  5261 | D:4      | Found a shimmering blue altar of Sif Muna.
  5344 | D:5      | Entered Level 5 of the Dungeon
  5345 | D:5      | Found a staircase to the Ecumenical Temple.
  5717 | D:4      | Reached skill level 5 in Dodging
  5717 | D:4      | Reached XP level 7. HP: 13/32 MP: 1/15
  6095 | D:5      | Reached skill level 7 in Stealth
  6202 | Temple   | Entered the Ecumenical Temple
  6533 | D:5      | Reached skill level 5 in Spellcasting
  7184 | D:5      | Reached XP level 8. HP: 36/36 MP: 12/17
  7485 | D:6      | Reached skill level 8 in Stealth
  7590 | D:6      | Reached skill level 5 in Short Blades
  7913 | D:6      | Found a sparkling altar of Nemelex Xobeh.
  8118 | D:6      | Became a worshipper of Nemelex Xobeh the Trickster
  8308 | D:7      | Identified the +2 pair of gloves "Fozaneto" {rF+ rC+ Will+
                  | Str-3}
  8365 | D:7      | Reached skill level 1 in Invocations
  8600 | D:7      | Found a shadowy altar of Dithmenos.
  8693 | D:7      | Reached skill level 9 in Stealth
  8975 | D:7      | Noticed Joseph
  8991 | D:7      | Slain by Joseph

Illustrated notes

Levels and vault maps discovered:
D:1:      scummos_arrival_hexagon, layout_basic, kennysheep_nondescript,
          minmay_large_rounded_square
D:2:      layout_basic, cheibrodos_gnoll_hut, uniq_jessica, uniq_terence
D:3:      layout_basic, uniq_robin
D:4:      layout_loops_ring, xom_redecorated, kennysheep_mini_moat
D:5:      layout_cave_pools, minmay_temple_entry_overgrown,
          gup_sewer_entry_glass, lightli_ossuary_entry_decrepit_ruins
D:6:      layout_basic, mainiacjoe_overflow_boulevard
D:7:      layout_loops_corners, lemuel_doored_altar, uniq_joseph
Temple:   compressed_dpeg_triangle_lava_temple

Skill      XL: |  1  2  3  4  5  6  7  8 |
---------------+-------------------------+-----
Dodging        | 3 4 5 7 |  7.1
Spellcasting   | 3 4 5 6 |  6.6
Stealth        | 5 6 7 9 |  9.1
Hexes          | 4 5 6 7 |  7.2
Short Blades   | 2 3 4 5 |  5.6
Invocations    | 1 |  1.6

Action                   |  1- 3 |  4- 6 |  7- 9 || total
-------------------------+-------+-------+-------++-------
Melee: Dagger            |    67 |   110 |   109 ||   286
       Headbutt          |       |    13 |    24 ||    37
       Punch             |       |     1 |     4 ||     5
 Cast: Ensorcelled Hiber |    13 |    57 |    62 ||   132
       Confusing Touch   |       |       |     2 ||     2
  Use: Scroll            |     5 |     5 |     4 ||    14
       Potion            |     2 |     6 |     1 ||     9
 Stab: Sleeping          |    19 |    34 |    37 ||    90
       Distracted        |       |       |     2 ||     2
       Invisible         |       |       |     2 ||     2
       Confused          |       |       |     1 ||     1
Armor: Robe              |     8 |     3 |     1 ||    12
Dodge: Dodged            |    40 |    76 |    76 ||   192
Block: Other             |       |    14 |    20 ||    34
       Reflection        |       |     2 |       ||     2
